 Dungeon Crawl Stone Soup version 0.31-a0-1620-gcbf77bbcfc (webtiles) character file.

Game seed: 88776199085257656

296 croobank the Magician (level 6, 0/79 HPs)
             Began as an Oni Fire Elementalist on Jan 12, 2024.
             Succumbed to a water moccasin's poison
             ... on level 5 of the Dungeon.
             The game lasted 00:07:57 (3058 turns).

croobank the Magician (Oni Fire Elementalist)       Turns: 3058, Time: 00:07:58

Health: 0/79       AC: 23    Str: 13    XL:     6   Next: 35%
Magic:  3/11       EV:  1    Int: 18    God:
Gold:   203        SH:  0    Dex:  9    Spells: 6/12 levels left

rFire   . . .        d - +2 dagger (flame)
rCold   . . .        (no shield)
rNeg    . . .        a - melded +0 robe
rPois   +            (helmet currently unavailable)
rElec   .            (cloak currently unavailable)
rCorr   .            (gloves unavailable)
SInv    .            (boots unavailable)
Will    +....        (no amulet)
Stlth   ++           (no ring)
HPRegen 0.33/turn    (no ring)
MPRegen 0.12/turn

%: no passive effects
@: mighty, lethally poisoned (0 -> -9), tree-form, enlightened
A: stationary, stasis, torment immunity, boosted hp, large, unfitting armour,
(horns 1), (tough skin 1), double potion healing, drunken brawling
a: no special abilities


You were on level 5 of the Dungeon.
You were a tree.
You visited 1 branch of the dungeon, and saw 5 of its levels.

You collected 203 gold pieces.

Inventory:

Hand Weapons
 d - a +2 dagger of flaming (weapon)
 i - a +3 dagger
 j - a +0 war axe
Missiles
 c - 5 boomerangs
Armour
 a - a +0 robe (melded)
Jewellery
 f - a ring of positive energy
Talismans
 l - a flux talisman
Wands
 b - a wand of flame (18)
 h - a wand of roots (11)
Scrolls
 e - 2 scrolls of fog
 m - a scroll of blinking
Potions
 g - 2 potions of might


   Skills:
 + Level 2.9 Dodging
 + Level 2.4 Stealth
 + Level 3.7 Spellcasting
 + Level 2.3 Conjurations
 + Level 1.7 Hexes
 + Level 3.5 Fire Magic


You had 6 spell levels left.
You knew the following spells:

 Your Spells              Type           Power      Damage    Failure   Level
a - Foxfire               Conj/Fire      52%        2x1d6     4%          1
b - Scorch                Fire           32%        2d6       5%          2
c - Inner Flame           Hex/Fire       12%        N/A       16%         3

Your spell library contained the following spells:

 Spells                   Type           Power      Damage    Failure   Level
 Freeze                   Ice            12%        1d3       16%         1
 Lesser Beckoning         Tloc           6%         N/A       22%         2
 Volatile Blastmotes      Fire/Tloc      18%        2d11      22%         3
 Hailstorm                Conj/Ice       7%         3d5       28%         3
 Frozen Ramparts          Ice            6%         1d1       41%         3
 Gell's Gravitas          Tloc           3%         N/A       41%         3
 Teleport Other           Tloc           3%         N/A       41%         3
 Flame Wave               Conj/Fire      13%        2d6       41%         4
 Plasma Beam              Fire/Air       4%         2x1d14    100%        6
 Starburst                Conj/Fire      6%         6d4       100%        6


Dungeon Overview and Level Annotations

Branches:
Dungeon (6/15)
 Temple: D:4-7

Altars:

Annotations:
D:2 1 runed translucent door, Crazy Yiuf
D:6 2 transporters, lucidstorm14's ghost, novice MiBe


Innate Abilities, Weirdness & Mutations

You are a tree.
Your roots penetrate the ground, keeping you stationary.
You cannot be teleported.
You are immune to unholy pain and torment.
Your maximum health is greatly increased.
Your equipment is partially melded.
You are too large for most types of armour.
((You have a pair of small horns on your head.))
((You have tough skin. (AC +1)))
You gain doubled healing and magic from potions.
Whenever you drink a healing potion, you attack all around you.


Message History

The water moccasin bites you!
* * * LOW HITPOINT WARNING * * *
The iguana bites you.
* * * LOW HITPOINT WARNING * * *
The water moccasin bites you!
* * * LOW HITPOINT WARNING * * *
There is an open door, spattered with blood here.
Okay, then.
It was a potion of might.
You feel very mighty all of a sudden. The water moccasin bites you.
* * * LOW HITPOINT WARNING * * *
The iguana closely misses you.
It was a potion of enlightenment.
You feel very buoyant.
You fly up into the air.
The water moccasin barely misses you. The iguana closely misses you.
The water moccasin barely misses you.
It was a potion of lignification.
You turn into a tree.
Your +0 robe melds into your body.
Your roots penetrate the ground.
The water moccasin completely misses you.
The iguana bites you but does no damage.
Okay, then.
As you read the scroll labelled YKARPH GICU, it crumbles to dust.
You cannot blink because you are held in place by your roots.
It was a scroll of blinking.
The water moccasin bites you.
* * * LOW HITPOINT WARNING * * *
You are lethally poisoned!
The water moccasin poisons you!
The iguana bites you but does no damage.
Unknown command.
Okay, then.
Aiming: Fastroot
Press: ? - help, Shift-Dir - straight line, f - water moccasin
Aim: a water moccasin The roots erupt in riotous growth!
Roots grab the water moccasin.
Roots grab the iguana.
The grasping roots constrict the iguana.
You kill the iguana!
The grasping roots constrict the water moccasin.
You die...

*,,*,,**,,*,,,,,,,*,,,
*,**,,**,,***,,,,,*,,,
###########*,*,**,,**,,*,,,,,*,,,
.....#....#*,*,**,,**,,*******,,,
.....#....####,**********,,,,,,,,
.....#....#..#,****,,,,**,,,,,,,,
.....+....'..#*,,,,****,*,,,,,,,,
.....#....########## *,*,,,,,,,,
.....#....##....♣S.# *,*,,,,,,,,
.....#....##.88.#..#***,*,,,**,,,
.....#....##.88.###...,**,,,*****
.....#....##....#######*,,,,*,,,,
.....'....#####'#.#,,,,,,,,,*,,,,
[..>>#....#.......#,,,,,,,,,*,,,,
.....#....#.......#,,,>,,,,,*,,,,
...))######.......#*****,,,,*****
..)...............# *,,,,**,,,


You could see a water moccasin (rooted).

Vanquished Creatures
  An ice beast (D:5)
  2 hounds
  An iguana (D:5)
  Robin (D:2)
  5 adders
  A gnoll (D:3)
  A dart slug (D:1)
  2 ribbon worms
  4 orcs
  4 endoplasms
  5 giant cockroaches
  11 goblins
  11 hobgoblins
  2 jackals (D:1)
  3 quokkas
  3 ball pythons
  3 bats
  A frilled lizard (D:2)
  4 kobolds
  3 rats
68 creatures vanquished.

Vanquished Creatures (others)
  119 foxfires
119 creatures vanquished.

Grand Total: 187 creatures vanquished

Notes
Turn   | Place    | Note
-------+----------+-------------------------------------------
     0 | D:1      | croobank the Oni Fire Elementalist began the quest for the
                  | Orb.
     0 | D:1      | Reached XP level 1. HP: 16/16 MP: 3/3
    84 | D:1      | Reached skill level 1 in Conjurations
   106 | D:1      | Reached XP level 2. HP: 24/24 MP: 2/5
   112 | D:1      | Learned a level 2 spell: Scorch
   552 | D:1      | Reached XP level 3. HP: 31/31 MP: 4/7
   556 | D:1      | Learned a level 3 spell: Inner Flame
   758 | D:2      | Found a runed translucent door.
   759 | D:2      | Noticed Crazy Yiuf
   785 | D:2      | Noticed Robin
   795 | D:2      | Killed Robin
   995 | D:2      | Reached XP level 4. HP: 39/39 MP: 4/8
  1297 | D:2      | Reached skill level 1 in Hexes
  2056 | D:3      | Reached XP level 5. HP: 34/45 MP: 4/9
  2230 | D:3      | Found a faded altar of an unknown god.
  2392 | D:3      | You fall into a shaft and drop 3 floors!
  2412 | D:6      | Found a transporter.
  2416 | D:6      | Found a transporter.
  2416 | D:6      | Noticed a two-headed ogre
  2416 | D:6      | Noticed lucidstorm14's ghost (novice MiBe)
  2416 | D:6      | Noticed an ogre
  2417 | D:6      | Noticed an ogre
  2417 | D:6      | Noticed an ogre
  2641 | D:5      | Entered Level 5 of the Dungeon
  2641 | D:5      | Noticed an ice beast
  2651 | D:5      | Killed an ice beast
  2652 | D:5      | Reached XP level 6. HP: 53/53 MP: 3/11
  3048 | D:5      | Noticed a water moccasin
  3057 | D:5      | HP: 2/79 [water moccasin (3)]
  3058 | D:5      | Succumbed to a water moccasin's poison

Illustrated notes

Levels and vault maps discovered:
D:1:      ncdulo_lavacross, layout_rooms
D:2:      layout_basic, uniq_crazy_yiuf_cottage, uniq_robin
D:3:      layout_loops_cross, basic_ecumenical_altar, minmay_cut_off
D:5:      minmay_chambers_of_fours, layout_gridville, st_stairs_14,
          uniq_prince_ribbit1
D:6:      layout_loops_ring, mainiacjoe_overflow_concentric_impassable,
          gammafunk_ghost_smash, serial_shops, kennysheep_mini

Skill      XL: |  1  2  3  4  5 |
---------------+----------------+-----
Conjurations   | 1 2 |  2.3
Dodging        | 2 |  2.9
Fire Magic     | 3 |  3.5
Spellcasting   | 3 |  3.7
Stealth        | 2 |  2.4
Hexes          | 1 |  1.7

Action                     |  1- 3 |  4- 6 || total
---------------------------+-------+-------++-------
  Melee: Dagger            |    39 |    32 ||    71
         Headbutt          |     7 |     4 ||    11
   Cast: Foxfire           |    31 |    37 ||    68
         Scorch            |     5 |    17 ||    22
  Evoke: Wand              |       |     1 ||     1
    Use: Scroll            |     2 |     4 ||     6
         Potion            |     1 |     3 ||     4
   Stab: Sleeping          |     1 |     3 ||     4
 Armour: Robe              |    32 |    42 ||    74
         Skin              |       |     3 ||     3
  Dodge: Dodged            |    32 |    26 ||    58

Table legend: (Time is in decaauts)
 A = Elapsed time spent in this place.
 B = Non-inter-level travel time spent in this place.
 C = Inter-level travel time spent in this place.
 D = Time resting spent in this place.
 E = Time spent auto-exploring this place.
 F = Levels seen in this place.
 G = Mean time per level.
                   A        B        C        D        E       F      G
               +--------+--------+--------+--------+--------+-----+--------+
         Total |   3056 |   2998 |     58 |    438 |   2019 |   5 |  611.2 |
       Dungeon |   3056 |   2998 |     58 |    438 |   2019 |   5 |  611.2 |
               +--------+--------+--------+--------+--------+-----+--------+

Top non-repeatable levels by time:
     D:2: 925 daAuts
     D:3: 738 daAuts
     D:1: 726 daAuts
     D:5: 416 daAuts
     D:6: 248 daAuts
